 Dungeon Crawl Stone Soup version 0.31-a0-240-gb923e448b6 (webtiles) character file.

Game seed: 4490125803719218779

1618 Essalna the Trooper (level 8, -4/71 HPs)
             Began as a Purple Draconian Shapeshifter on July 12, 2023.
             Was an Initiate of the Shining One.
             Killed from afar by Maggie (17 damage)
             ... with a bolt of fire
             ... on level 7 of the Dungeon.
             The game lasted 00:11:23 (5501 turns).

Essalna the Trooper (Purple Draconian Shapeshifter) Turns: 5501, Time: 00:11:23

Health: -4/71      AC:  6    Str: 17    XL:     8   Next: 64%
Magic:  8/8        EV: 14    Int:  9    God:    the Shining One [......]
Gold:   440        SH:  0    Dex: 14    Spells: 7/7 levels left

rFire   . .          .
                       - Unarmed
rCold   . . .        (no shield)
rNeg    + . .        (body armour unavailable)
rPois   .            (helmet currently unavailable)
rElec   .            (cloak currently unavailable)
rCorr   .            (gloves currently unavailable)
SInv    .            (boots currently unavailable)
Will    +....        n - amulet of magic regeneration
Stlth   +            u - ring of positive energy
HPRegen 0.31/turn    (no ring)
MPRegen 0.51/turn

%: no passive effects
@: mighty, beast-form, glowing
A: beast (slay +3), breathe power, AC +6, unfitting armour, cold-blooded
a: Breathe Dispelling Energy, Renounce Religion


You were on level 7 of the Dungeon.
You worshipped the Shining One.
The Shining One was noncommittal.
You were a hulking beast.
You visited 1 branch of the dungeon, and saw 7 of its levels.

You collected 440 gold pieces.

Inventory:

Missiles
 p - a throwing net
Armour
 f - a +1 pair of gloves
Jewellery
 n - an amulet of magic regeneration (around neck)
 u - a ring of positive energy (left hand)
 v - an amulet of faith
Talismans
 b - a beast talisman
 t - a beast talisman
Wands
 o - a wand of paralysis (8)
 q - a wand of iceblast (15)
 r - a wand of polymorph (6)
Scrolls
 c - 9 scrolls of identify
 e - a scroll of enchant armour
 g - 2 scrolls of teleportation
 h - a scroll of butterflies
Potions
 a - a potion of lignification
 j - a potion of degeneration {unknown}
 k - a potion of heal wounds {unknown}
 l - 3 potions of might
 s - a potion of brilliance {unknown}


   Skills:
 + Level 6.4 Fighting
 + Level 5.2 Dodging
 + Level 5.7 Unarmed Combat
 + Level 5.4 Shapeshifting


You had 7 spell levels left.
You didn't know any spells.
Your spell library contained the following spells:

 Spells                   Type           Power      Damage    Failure   Level
 Magic Dart               Conj           0%         1d3       38%         1
 Sandblast                Erth           0%         2d4       38%         1
 Lesser Beckoning         Tloc           0%         N/A       52%         2
 Passwall                 Tmut/Erth      0%         N/A       52%         2
 Searing Ray              Conj           0%         2d4       52%         2
 Gell's Gravitas          Tloc           0%         N/A       77%         3
 Stone Arrow              Conj/Erth      0%         3d7       77%         3
 Teleport Other           Tloc           0%         N/A       77%         3
 Cause Fear               Hex            0%         N/A       99%         4
 Fulminant Prism          Conj/Hex       0%         3d5       99%         4
 Fireball                 Conj/Fire      0%         3d3       100%        5
 Dragon's Call            Summ           0%         N/A       100%        9


Dungeon Overview and Level Annotations

Branches:
Dungeon (7/15)             Temple (0/1) D:7

Altars:
Nemelex Xobeh
Ru
Xom
The Shining One

Shops:
D:1 :*!*   D:7 [(

Annotations:
D:7 Dowan, Maggie


Innate Abilities, Weirdness & Mutations

You are a hulking beast.
Your limbs bulge with bestial killing power. (Slay +3)
You can breathe bolts of dispelling energy.
Your rich purple scales are hard. (AC +6)
You cannot fit into any form of body armour.
You are cold-blooded and may be slowed by cold attacks.


Message History

Maggie attempts to bespell you!
You are mesmerised by Maggie!
Maggie points at you and mumbles some strange words.
The bolt of fire hits you!!
You are too injured to fight recklessly!
You are too injured to fight recklessly!
You feel better.
You punch Maggie!
Maggie is lightly wounded.
Maggie casts a spell at you. The bolt of fire hits you!
You hit Maggie but do no damage.
Maggie is lightly wounded.
You hit Maggie.
Maggie is lightly wounded.
Maggie barely misses you.
You barely miss Maggie.
Maggie is lightly wounded.
Maggie casts a spell at you. The bolt of fire hits you!!
* * * LOW HITPOINT WARNING * * *
You feel better. Maggie barely misses you.
You feel better.
Maggie hits you with a +2 morningstar of protection!
* * * LOW HITPOINT WARNING * * *
You feel better.
Maggie hits you with a +2 morningstar of protection!
* * * LOW HITPOINT WARNING * * *
It was a potion of might.
You feel very mighty all of a sudden. Maggie closely misses you.
You punch Maggie! You tail-slap Maggie!
Maggie is heavily wounded.
You break out of your daze.
Maggie barely misses you.
You punch Maggie!
Maggie is severely wounded.
Maggie casts a spell at you. The bolt of fire hits you!
You die...

#.........#.8.#.
##......#....... ....
#....#!..8.>.8. .#.#
.......#...#
......#.8.#.....#
...............#
#.....#.#......## ###
+..........@....##...
......#...h.........
#.................#
####...........###
##∩#..........##
##'#.........##
#..###.......### #
##...##.........### ##..
#.........#####...##....
#..∩......## ##........


You could see Maggie.

Vanquished Creatures
  A steam dragon (D:5)
  An ice beast (D:6)
  A centaur (D:5)
  2 phantoms (D:5)
  2 kobold brigands (D:6)
  2 bullfrogs (D:6)
  4 scorpions
  A howler monkey (D:4)
  A bullfrog zombie (D:4)
  5 hounds
  A sleepcap (D:4)
  2 iguanas
  Ijyb (D:4)
  The ghost of Opifex the Sneak, a weakling HODe (D:4)
  A howler monkey skeleton (D:4)
  7 adders
  13 gnolls
  A shadow imp (D:5)
  3 white imps (D:6)
  2 ufetubi
  A worm (D:5)
  4 dart slugs
  10 orcs
  4 ball pythons
  7 bats
  9 endoplasms
  3 giant cockroaches
  3 goblins
  4 hobgoblins
  3 jackals (D:2)
  5 quokkas
  A frilled lizard (D:2)
  10 kobolds
  3 rats
119 creatures vanquished.

Notes
Turn   | Place    | Note
-------+----------+-------------------------------------------
     0 | D:1      | Essalna the Draconian Shapeshifter began the quest for the
                  | Orb.
     0 | D:1      | Reached XP level 1. HP: 17/17 MP: 1/1
    58 | D:1      | Found Tagihemn's Assorted Antiques.
   100 | D:1      | Reached XP level 2. HP: 22/25 MP: 2/2
   187 | D:1      | Found Vikhytua's Assorted Antiques.
   266 | D:1      | Found Emiuj's Book Shoppe.
   389 | D:1      | Found Vopi's Distillery.
   601 | D:2      | Reached XP level 3. HP: 23/30 MP: 3/3
   831 | D:2      | Found a shimmering altar of Xom.
  1096 | D:2      | Reached skill level 3 in Fighting
  1380 | D:3      | Reached XP level 4. HP: 38/38 MP: 4/4
  1568 | D:3      | Found a sparkling altar of Nemelex Xobeh.
  1901 | D:4      | Found a runed translucent gate.
  1901 | D:4      | Found a runed translucent gate.
  1901 | D:4      | Found a runed translucent gate.
  1934 | D:4      | Reached XP level 5. HP: 38/45 MP: 5/5
  2262 | D:4      | Identified the +7 quarterstaff "Ykitakad" {flame, +Blink
                  | rF++ Stlth-}
  2293 | D:5      | Entered Level 5 of the Dungeon
  2358 | D:5      | Noticed a centaur
  2368 | D:5      | Killed a centaur
  2369 | D:5      | Reached skill level 4 in Fighting
  2369 | D:5      | Reached XP level 6. HP: 28/52 MP: 6/6
  2607 | D:4      | Noticed Ijyb
  2889 | D:5      | Your scales start taking on a rich purple colour.
  2889 | D:5      | Reached XP level 7. HP: 60/60 MP: 7/7
  3064 | D:5      | Found a sacrificial altar of Ru.
  3064 | D:5      | Found a shimmering altar of Xom.
  3300 | D:5      | Noticed a steam dragon
  3308 | D:5      | Killed a steam dragon
  3309 | D:5      | Reached skill level 5 in Fighting
  3709 | D:4      | Killed Ijyb
  4006 | D:4      | Noticed Opifex's ghost (weakling HODe)
  4164 | D:4      | Killed Opifex's ghost
  4365 | D:6      | Reached skill level 5 in Unarmed Combat
  4365 | D:6      | Reached XP level 8. HP: 66/69 MP: 8/8
  4375 | D:6      | Reached skill level 5 in Shapeshifting
  4873 | D:6      | Reached skill level 6 in Fighting
  4889 | D:6      | Found a glowing golden altar of the Shining One.
  4903 | D:6      | Reached skill level 5 in Dodging
  4921 | D:6      | Became a worshipper of the Shining One
  5360 | D:7      | Found a staircase to the Ecumenical Temple.
  5368 | D:7      | Noticed Dowan
  5444 | D:7      | Found Zeoquim's Weapon Boutique.
  5449 | D:7      | Found Haecin's Armour Shoppe.
  5487 | D:7      | Noticed Maggie
  5501 | D:7      | Killed from afar by Maggie

Illustrated notes

Levels and vault maps discovered:
D:1:      dpeg_arrival_rooms_b, layout_rooms, serial_shops, shop,
          nicolae_book_shop_shelving, shop, shop
D:2:      layout_basic, basic_altar
D:3:      layout_loops_ring, nemelex_xobeh_ov_fountains_minmay
D:4:      layout_gridville, gammafunk_ghost_necromancy,
          minmay_tree_intersection, serial_bayou_lake_a, uniq_ijyb
D:5:      layout_basic, grunt_temple_overflow_open, patterned_corridor
D:6:      layout_loops_ring, mainiacjoe_overflow_catwalk
D:7:      layout_layer_cave, nicolae_ashenzari_panopticon,
          nicolae_vehumet_altar_sigil, minmay_temple_entry_sparse_star,
          serial_shops, nicolae_shop_window_shopping, shop,
          nicolae_shop_pleasant_corner_grove, nicolae_shop_hallway_plus,
          nicolae_shop_tiny_glass, uniq_maggie, uniq_duvessa,
          uniq_prince_ribbit1

Skill      XL: |  1  2  3  4  5  6  7  8 |
---------------+-------------------------+-----
Dodging        | 2 3 4 5 |  5.2
Fighting       | 3 4 5 6 |  6.4
Unarmed Combat | 3 4 5 |  5.7
Shapeshifting  | 4 5 |  5.4

Action                     |  1- 3 |  4- 6 |  7- 9 || total
---------------------------+-------+-------+-------++-------
  Melee: Unarmed           |    94 |   119 |   191 ||   404
         Tailslap          |    12 |    20 |    38 ||    70
         Punch             |     1 |     3 |     5 ||     9
Ability: Breathe Dispellin |       |       |     2 ||     2
    Use: Scroll            |       |     7 |     5 ||    12
         Potion            |       |       |     5 ||     5
   Stab: Sleeping          |       |     1 |       ||     1
 Armour: Skin              |    33 |    31 |    45 ||   109
  Dodge: Dodged            |    47 |    74 |   137 ||   258
         Form:             |       |     1 |     1 ||     2
         Beast             |       |     1 |     1 ||     2

Table legend: (Time is in decaauts)
 A = Elapsed time spent in this place.
 B = Non-inter-level travel time spent in this place.
 C = Inter-level travel time spent in this place.
 D = Time resting spent in this place.
 E = Time spent auto-exploring this place.
 F = Levels seen in this place.
 G = Mean time per level.
                   A        B        C        D        E       F      G
               +--------+--------+--------+--------+--------+-----+--------+
         Total |   5508 |   5172 |    336 |    129 |   4066 |   7 |  786.9 |
       Dungeon |   5508 |   5172 |    336 |    129 |   4066 |   7 |  786.9 |
               +--------+--------+--------+--------+--------+-----+--------+

Top non-repeatable levels by time:
     D:5: 1428 daAuts
     D:4: 1075 daAuts
     D:6: 1044 daAuts
     D:2: 689 daAuts
     D:3: 618 daAuts
     D:1: 561 daAuts
     D:7: 89 daAuts
